 Dungeon Crawl Stone Soup version 0.26-a0-812-g31a745ddcd (webtiles) character file.

Game seed: 3155078731943466614

5240 kae the Cleaver (level 10, -7/90 HPs)
             Began as a Minotaur Fighter on Dec 10, 2020.
             Was a Believer of Qazlal.
             Mangled by a ten-headed hydra (10 damage)
             ... on level 8 of the Dungeon.
             The game lasted 00:04:46 (7304 turns).

kae the Cleaver (Minotaur Fighter)                  Turns: 7304, Time: 00:04:46

Health: -7/90      AC: 10    Str: 25    XL:     10   Next: 35%
Magic:  12/12      EV: 11    Int:  9    God:    Qazlal [**....]
Gold:   428        SH: 12    Dex:  9    Spells: 9/9 levels left

rFire    . . .     SeeInvis .   o - +2 hand axe of the Orcish Mines {protect, Int+4}
rCold    . . .     Faith    .   c - +0 kite shield
rNeg     . . .     Spirit   .   b - +0 scale mail
rPois    .         Reflect  .   (helmet restricted)
rElec    .         Harm     .   m - +1 cloak
rCorr    .         Rampage  .   (no gloves)
MR       .....                  (no boots)
Stlth    ..........             j - amulet of regeneration
HPRegen  0.65/turn              (no ring)
MPRegen  0.13/turn              (no ring)

@: no status effects
A: retaliatory headbutt, horns 2
a: Upheaval, Renounce Religion


You were on level 8 of the Dungeon.
You worshipped Qazlal.
Qazlal was pleased with you.
You visited 1 branch of the dungeon, and saw 8 of its levels.
You also visited: Sewer.

You collected 428 gold pieces.

Inventory:

Hand Weapons
 a - a +1 war axe
 o - the +2 hand axe of the Orcish Mines (weapon) {protect, Int+4}
   (You found it on level 8 of the Dungeon)

   It grants its wielder temporary protection when it strikes (+7 to AC).
   It affects your intelligence (+4).
Armour
 b - a +0 scale mail (worn)
 c - a +0 kite shield (worn)
 m - a +1 cloak (worn)
Jewellery
 j - an amulet of regeneration (around neck)
 y - an uncursed ring of protection from fire {unknown}
Wands
 h - a wand of random effects (28)
 t - a wand of polymorph (5)
Scrolls
 g - 5 scrolls of remove curse
 i - a scroll of enchant weapon
 k - a scroll of enchant armour
 q - 2 scrolls of fog
 u - 3 scrolls of fear
 v - 4 scrolls of amnesia
Potions
 d - a potion of might
 e - 2 potions of resistance
 f - 6 potions of curing
 l - a potion of brilliance
 n - 4 potions of attraction
 p - a potion of lignification
 r - 6 potions of flight
 s - 3 potions of heal wounds
 w - 2 potions of magic
 x - 2 potions of berserk rage
 z - a potion of mutation
 A - 2 potions of invisibility
 B - 2 potions of ambrosia


   Skills:
 + Level 8.7 Fighting
 * Level 11.2 Axes
 + Level 8.7 Armour
 + Level 6.9 Dodging
 - Level 3.6 Shields
 + Level 4.6 Invocations


You had 9 spell levels left.
You didn't know any spells.
Your spell library contained the following spells:

 Spells                   Type           Power        Failure   Level
 Corona                   Hex            #......      98%         1
 Ensorcelled Hibernation  Hex/Ice        #.....       99%         2
 Confusing Touch          Hex            #.......     100%        3
 Dazzling Flash           Conj/Hex       #.....       100%        3
 Gell's Gravitas          Tloc           #.........   100%        3
 Tukima's Dance           Hex            #.......     100%        3
 Petrify                  Tmut/Erth      #.......     100%        4
 Metabolic Englaciation   Hex/Ice        #.........   100%        5
 Yara's Violent Unravell  Hex/Tmut       #.........   100%        5


Dungeon Overview and Level Annotations

Branches:
Dungeon (8/15)             Temple (0/1) D:6           Sewer (visited)
   Lair: D:8-11

Altars:
Cheibriados
Dithmenos
Gozag
Kikubaaqudgha
Qazlal
Ru
Sif Muna


Innate Abilities, Weirdness & Mutations

You reflexively headbutt those who attack you in melee.
You have a pair of horns on your head.


Message History

* * * LOW HITPOINT WARNING * * *
The ten-headed hydra bites you but does no damage.
You see here a hornet corpse.
The ten-headed hydra bites you but does no damage.
You block the ten-headed hydra's attack.
The ten-headed hydra completely misses you.
The ten-headed hydra bites you!
* * * LOW HITPOINT WARNING * * *
The ten-headed hydra bites you but does no damage. x3
The ten-headed hydra bites you!
* * * LOW HITPOINT WARNING * * *
The ten-headed hydra bites you.
* * * LOW HITPOINT WARNING * * *
The ten-headed hydra bites you but does no damage.
You feel yourself speed up.
The ten-headed hydra completely misses you.
You furiously retaliate!
You headbutt the ten-headed hydra!
You block the ten-headed hydra's attack. x2
The ten-headed hydra bites you!
You die...

#.# ...
.......... )'#
. #.# ##.......
....# #.#
######.. ....#
#.# ########..
....#### #.#
..........
.<..#... ...
....#
########..
###... ..##.#.#
##.. ..##
..#.#.# #..(
##.##♣ #.#.#@#
#... ...#
#...#D# #...
..## #..#.#
#..D ..#
#..#†####.#
##.< #.##
##.........#
### #..#
#............ .
##.##♣
♣##...#.#######
# ##..###
###..###$#
..(.).###...##
#.#


You could see a ten-headed hydra.

Vanquished Creatures
  A two-headed ogre (D:8)
  Pikel (D:8)
  Psyche (D:8)
  Joseph (D:7)
  Grinder (D:4)
  A hornet (D:8)
  Eustachio (D:4)
  Menkaure (D:5)
  Duvessa (D:6)
  3 ice beasts
  2 sky beasts
  A phantom (D:5)
  2 ogres
  A centaur (D:6)
  A big kobold (Sewer)
  Blork the orc (D:4)
  3 bullfrogs
  A scorpion (D:7)
  Dowan (D:6)
  4 killer bees (D:7)
  A howler monkey (D:5)
  A centaur zombie (D:8)
  5 orc priests
  6 hounds
  2 jellies (D:5)
  Crazy Yiuf (D:2)
  A bullfrog skeleton (D:4)
  Jessica (D:3)
  5 orc wizards
  Terence (D:2)
  Natasha (thrice) (D:3)
  An iguana (D:8)
  4 worker ants
  A hound zombie (D:6)
  A hound skeleton (D:4)
  Robin (D:3)
  A howler monkey skeleton (D:4)
  15 adders
  7 gnolls (D:6)
  A shadow imp (D:7)
  A white imp (D:6)
  2 ufetubi
  An ooze (D:1)
  An adder skeleton (D:5)
  4 worms
  4 dart slugs
  6 leopard geckos
  27 orcs
  7 bats
  12 giant cockroaches
  13 goblins
  9 hobgoblins
  25 jackals
  6 quokkas
  4 frilled lizards
  6 kobolds
  A quokka skeleton (D:5)
  12 rats
229 creatures vanquished.

Notes
Turn   | Place    | Note
-------+----------+-------------------------------------------
     0 | D:1      | kae the Minotaur Fighter began the quest for the Orb.
     0 | D:1      | Reached XP level 1. HP: 19/19 MP: 0/0
   379 | D:1      | Reached XP level 2. HP: 27/27 MP: 1/1
   405 | D:1      | Reached skill level 3 in Axes
   540 | D:1      | Reached skill level 1 in Dodging
   897 | D:2      | Reached XP level 3. HP: 33/33 MP: 2/2
  1025 | D:2      | Noticed Terence
  1033 | D:2      | Killed Terence
  1033 | D:2      | Reached XP level 4. HP: 31/40 MP: 3/3
  1153 | D:2      | Found a shadowy altar of Dithmenos.
  1167 | D:2      | Reached skill level 4 in Axes
  1536 | D:2      | Found a stormy altar of Qazlal.
  1536 | D:2      | Found a sacrificial altar of Ru.
  1536 | D:2      | Found an ancient bone altar of Kikubaaqudgha.
  1536 | D:2      | Found a snail-covered altar of Cheibriados.
  1639 | D:2      | Found a runed translucent door.
  1640 | D:2      | Noticed Crazy Yiuf
  1855 | D:2      | Killed Crazy Yiuf
  1855 | D:2      | Reached XP level 5. HP: 40/47 MP: 4/4
  1934 | D:3      | Noticed Robin
  1944 | D:3      | Killed Robin
  2138 | D:3      | Reached skill level 5 in Axes
  2184 | D:3      | Reached XP level 6. HP: 43/55 MP: 5/5
  2334 | D:3      | Noticed Jessica
  2338 | D:3      | Killed Jessica
  2359 | D:3      | Found a glowing drain.
  2370 | Sewer    | Entered a sewer
  2432 | Sewer    | Reached skill level 5 in Fighting
  2432 | Sewer    | Reached skill level 5 in Armour
  2453 | Sewer    | Found a white marble altar of Elyvilon.
  2610 | D:3      | Noticed Natasha
  2614 | D:3      | Killed Natasha
  3162 | D:3      | Noticed Natasha
  3168 | D:3      | Killed Natasha
  3434 | D:3      | Noticed Natasha
  3439 | D:3      | Killed Natasha
  3615 | D:4      | Reached skill level 6 in Axes
  3635 | D:4      | Reached XP level 7. HP: 56/61 MP: 6/6
  3742 | D:4      | Noticed Eustachio
  3747 | D:4      | Killed Eustachio
  3760 | D:4      | Noticed Grinder
  3767 | D:4      | Killed Grinder
  3767 | D:4      | Reached skill level 7 in Axes
  3786 | D:4      | Identified the +1 leather armour of the Stag {rN+ Dex+4}
  3786 | D:4      | Noticed Blork the orc
  3796 | D:4      | Killed Blork the orc
  3932 | D:4      | Reached XP level 8. HP: 69/70 MP: 7/7
  4095 | D:5      | Entered Level 5 of the Dungeon
  4188 | D:2      | Became a worshipper of Qazlal Stormbringer
  4375 | D:5      | Noticed Menkaure
  4387 | D:5      | Killed Menkaure
  4491 | D:5      | Reached skill level 8 in Axes
  4503 | D:5      | Reached skill level 1 in Invocations
  4504 | D:5      | Reached * piety under Qazlal
  4607 | D:5      | Reached skill level 5 in Dodging
  4705 | D:5      | Found an opulent altar of Gozag.
  5060 | D:6      | Found a staircase to the Ecumenical Temple.
  5086 | D:6      | Reached skill level 9 in Axes
  5212 | D:6      | Reached XP level 9. HP: 75/79 MP: 9/9
  5270 | D:6      | Reached ** piety under Qazlal
  5691 | D:7      | Noticed Joseph
  5693 | D:7      | Noticed Duvessa
  5695 | D:7      | Noticed Dowan
  5809 | D:6      | Killed Dowan
  5813 | D:6      | Killed Duvessa
  5833 | D:7      | Killed Joseph
  5987 | D:7      | Reached skill level 10 in Axes
  6655 | D:8      | Found a shimmering blue altar of Sif Muna.
  6683 | D:8      | Noticed an eight-headed hydra
  6984 | D:8      | Noticed a two-headed ogre
  6985 | D:8      | Noticed Psyche
  6995 | D:8      | Killed a two-headed ogre
  6995 | D:8      | Reached XP level 10. HP: 56/88 MP: 10/12
  7004 | D:8      | Killed Psyche
  7101 | D:8      | Got a dazzling hand axe
  7102 | D:8      | Identified the +2 hand axe of the Orcish Mines {protect,
                  | Int+4} (You found it on level 8 of the Dungeon)
  7138 | D:8      | Reached skill level 11 in Axes
  7171 | D:8      | Noticed Pikel
  7187 | D:8      | Killed Pikel
  7302 | D:8      | HP: 2/90 [ten-headed hydra (11)]
  7304 | D:8      | Mangled by a ten-headed hydra

Illustrated notes

Levels and vault maps discovered:
D:1:      onia_arrival_pentagram, layout_basic, hangedman_decor_clover_reticule
D:2:      layout_basic, chequers_temple_overflow_statue_of_worship,
          grunt_dithmenos_smoke_and_mirrors, minmay_worlds_worst_comb,
          uniq_terence, uniq_crazy_yiuf_cottage
D:3:      layout_basic, portal_sewer_entry_b, uniq_robin, uniq_natasha,
          uniq_jessica
D:4:      layout_cave_pools, uniq_grinder, uniq_blork_the_orc, uniq_eustachio
D:5:      layout_rooms, nicolae_gozag_cash_rules_everything_around_me,
          uniq_menkaure
D:6:      layout_gridville, minmay_temple_entry_butterflies
D:7:      layout_loops_ring, uniq_joseph, uniq_duvessa
D:8:      cheibrodos_iron_armory, layout_basic, basic_altar, uniq_psyche,
          uniq_pikel

Skill      XL: |  1  2  3  4  5  6  7  8  9 10 |
---------------+-------------------------------+-----
Axes           | 3 4 5 6 7 9 10 11 | 11.2
Dodging        | 1 2 3 4 5 6 |  6.9
Fighting       | 4 5 6 7 8 |  8.7
Armour         | 4 5 6 7 8 |  8.7
Invocations    | 2 4 |  4.6
Shields        | |  3.6

Action                   |  1- 3 |  4- 6 |  7- 9 | 10-12 || total
-------------------------+-------+-------+-------+-------++-------
Melee: War axe           |    70 |   156 |   380 |    15 ||   621
       Headbutt          |    16 |    21 |    62 |     4 ||   103
       Hand axe          |       |       |       |    38 ||    38
Invok: Upheaval          |       |       |     2 |       ||     2
Evoke: Wand              |       |       |     2 |       ||     2
  Use: Scroll            |       |     4 |    18 |       ||    22
Armor: Scale mail        |    32 |    64 |   123 |    27 ||   246
Dodge: Dodged            |    28 |    49 |   133 |    19 ||   229
Block: Kite shield       |    19 |    72 |   254 |    25 ||   370

Table legend: (Time is in decaauts)
 A = Elapsed time spent in this place.
 B = Non-inter-level travel time spent in this place.
 C = Inter-level travel time spent in this place.
 D = Time resting spent in this place.
 E = Time spent auto-exploring this place.
 F = Levels seen in this place.
 G = Mean time per level.
                   A        B        C        D        E       F      G
               +--------+--------+--------+--------+--------+-----+--------+
         Total |   7476 |   7116 |    360 |    476 |   5196 |   9 |  830.7 |
       Dungeon |   7325 |   6965 |    360 |    476 |   5083 |   8 |  915.6 |
         Sewer |    151 |    151 |      0 |      0 |    112 |   1 |  151.0 |
               +--------+--------+--------+--------+--------+-----+--------+

Top non-repeatable levels by time:
     D:3: 1556 daAuts
     D:2: 1123 daAuts
     D:6: 990 daAuts
     D:7: 924 daAuts
     D:1: 912 daAuts
     D:5: 620 daAuts
     D:4: 606 daAuts
     D:8: 591 daAuts
   Sewer: 151 daAuts
